 Dungeon Crawl Stone Soup version 0.30-a0-723-gc1506a1cf0 (webtiles) character file.

Game seed: 10906014898229883457

36722 kae the Earth Mage (level 13, 0/83 HPs)
             Began as a Gargoyle Earth Elementalist on Jan 28, 2023.
             Was a High Priest of the Shining One.
             Slain by a cane toad (3 damage)
             ... on level 4 of the Lair of Beasts.
             The game lasted 00:20:09 (18522 turns).

kae the Earth Mage (Gargoyle Earth Elementalist)   Turns: 18522, Time: 00:20:09

Health: 0/83       AC: 36    Str: 14    XL:     13   Next: 92%
Magic:  23/37      EV:  9    Int: 41    God:    the Shining One [*****.]
Gold:   912        SH:  6    Dex: 10    Spells: 17/32 levels left

rFire   x x .      SeeInvis .    (no weapon)
rCold   x x .      Faith    .    N - +2 buckler {rN+}
rNeg    + + +      Spirit   .    L - +2 scale mail of the Squeaky God {rN+ Str+5}
rPois   ∞          Reflect  .    E - +3 hat of Pondering {ponderous, Will+ MP+10 Int+5}
rElec   +          Harm     .    r - +1 cloak of Kleptomania {Regen+ Str-2 Int+2}
rCorr   .          Rampage  .    m - +1 pair of gloves
Will    +....                    O - +2 pair of boots {Stlth+}
Stlth   +                        H - amulet of Elemental Vulnerability {rPois rF-- rC-- AC+8}
HPRegen 1.13/turn                I - +6 ring of intelligence
MPRegen 0.25/turn                i - +6 ring of intelligence

@: glowing, slow
A: sickness immunity, AC +9, negative energy resistance 1, electricity
resistance, torment resistance 1, petrification resistance
a: Renounce Religion, Divine Shield, Cleansing Flame, Summon Divine Warrior


You were on level 4 of the Lair of Beasts.
You worshipped the Shining One.
The Shining One was extremely pleased with you.
You visited 3 branches of the dungeon, and saw 17 of its levels.
You also visited: Trove and Ossuary.

You collected 912 gold pieces.


Innate Abilities, Weirdness & Mutations

You are immune to sickness and miasma.
Your stone body is resilient. (AC +9)
You are immune to poison.
You resist negative energy. (rN+)
You are resistant to electric shocks. (rElec)
You are resistant to unholy torment.
You are immune to petrification.


   Skills:
 + Level 10.3 Fighting
 + Level 2.1 Armour
 + Level 2.3 Dodging
 - Level 2.1 Stealth
 + Level 2.1 Shields
 - Level 10.0 Spellcasting
 - Level 7.5 Conjurations
 - Level 0.7 Transmutations
 - Level 17.6 Earth Magic
 - Level 10.0 Invocations


You had 17 spell levels left.
You knew the following spells:

 Your Spells              Type           Power      Damage    Failure   Level
a - Sandblast             Erth           100%       2d20      0%          1
b - Lee's Rapid Deconstr  Erth           52%        3d25*     1%          5
c - Stone Arrow           Conj/Erth      100%       3d13      1%          3
d - Passwall              Tmut/Erth      64%        N/A       1%          2
e - Petrify               Tmut/Erth      77%        N/A       2%          4

Your spell library contained the following spells:

 Spells                   Type           Power      Damage    Failure   Level
 Dazzling Flash           Conj/Hex       100%       N/A       6%          3
 Hailstorm                Conj/Ice       51%        3d11      6%          3
 Fulminant Prism          Conj/Hex       25%        3d13      21%         4
 Iskenderun's Mystic Bla  Conj/Tloc      51%        2d11      21%         4
 Inner Flame              Hex/Fire       20%        N/A       28%         3
 Kindle Blastsparks       Fire/Tloc/Air  40%        2d13      28%         3
 Tukima's Dance           Hex            20%        N/A       28%         3
 Ice Form                 Ice/Tmut       23%        N/A       63%         4
 Cause Fear               Hex            10%        N/A       67%         4
 Manifold Assault         Tloc           20%        N/A       67%         4
 Passage of Golubria      Tloc           20%        N/A       67%         4
 Summon Lightning Spire   Summ/Air       20%        N/A       67%         4
 Yara's Violent Unravell  Hex/Tmut       11%        3d6       92%         5
 Summon Forest            Summ/Tloc      10%        N/A       95%         5
 Starburst                Conj/Fire      25%        6d8       97%         6
 Dispersal                Tloc           10%        N/A       100%        6
 Simulacrum               Ice/Necr       10%        N/A       100%        6
 Summon Cactus Giant      Summ           10%        N/A       100%        6
 Enfeeble                 Hex            10%        N/A       100%        7
 Monstrous Menagerie      Summ           10%        N/A       100%        7
 Storm Form               Tmut/Air       11%        N/A       100%        7
 Discord                  Hex            10%        N/A       100%        8
 Disjunction              Tloc           10%        N/A       100%        8
 Maxwell's Capacitive Co  Air            10%        ∞         100%        8

Inventory:

Missiles
 c - 32 poisoned darts
 d - 144 stones
 y - 15 boomerangs
 D - 10 curare-tipped darts {=f}
 F - 6 silver javelins
 G - a throwing net {=f!f}
Armour
 m - a +1 pair of gloves (worn)
   (You found it on level 2 of the Dungeon)
 r - the +1 cloak of Kleptomania (worn) {Regen+ Str-2 Int+2}
   (You found it in a treasure trove)

   Str:       It affects your strength (-2).
   Int:       It affects your intelligence (+2).
   Regen:     It increases your rate of health regeneration.
 B - the +3 leather armour of Beyond {rF+}
   (You found it on level 9 of the Dungeon)

   rF:        It protects you from fire.
 E - the +3 hat of Pondering (worn) {ponderous, Will+ MP+10 Int+5}
   (You took it off Gastronok on level 3 of the Lair of Beasts)

   Int:       It affects your intelligence (+5).
   MP:        It affects your magic capacity (+10).
   Will:      It increases your willpower.
 L - the +2 scale mail of the Squeaky God (worn) {rN+ Str+5}
   (You found it in a treasure trove)

   Str:       It affects your strength (+5).
   rN:        It protects you from negative energy.
 M - the +0 buckler "Nawen" {+Blink Regen+}
   (You found it in a treasure trove)

   +Blink:    It lets you blink.
   Regen:     It increases your rate of health regeneration.
 N - a +2 buckler of positive energy (worn)
   (You found it in a treasure trove)
 O - a +2 pair of boots of stealth (worn)
   (You found it in a treasure trove)
 P - the +2 cloak of Leapfrog {rN+}
   (You found it in a treasure trove)

   rN:        It protects you from negative energy.
Jewellery
 i - a +6 ring of intelligence (right hand)
   (You found it on level 2 of the Lair of Beasts)
 v - a ring of see invisible
   (You found it on level 2 of the Dungeon)
 H - the amulet of Elemental Vulnerability (around neck) {rPois rF-- rC-- AC+8}
   (You found it on level 10 of the Dungeon)

   [amulet of nothing]

   AC:        It affects your AC (+8).
   rF:        It makes you very vulnerable to fire.
   rC:        It makes you very vulnerable to cold.
   rPois:     It protects you from poison.
 I - a +6 ring of intelligence (left hand)
   (You found it on level 6 of the Dungeon)
 R - a ring of resist corrosion
   (You found it on level 7 of the Dungeon)
Wands
 j - a wand of acid (17)
   (You found it in an ossuary)
 n - a wand of flame (47)
   (You found it on level 2 of the Dungeon)
 p - a wand of charming (2)
   (You found it on level 3 of the Lair of Beasts)
 x - a wand of iceblast (7)
   (You found it in an ossuary)
Scrolls
 a - 6 scrolls of identify {@r1}
 g - 3 scrolls of blinking {!r}
 o - 5 scrolls of enchant weapon
 q - 3 scrolls of enchant armour
 s - 4 scrolls of fog
 A - 4 scrolls of teleportation {@r4}
 K - 2 scrolls of poison
 Q - 3 scrolls of vulnerability {!r!r}
 T - a scroll of summoning
 U - a scroll of magic mapping {!r}
Potions
 b - a potion of magic
 e - 5 potions of mutation {!q}
 f - a potion of degeneration {!q}
 h - 6 potions of lignification {!q}
 k - 10 potions of curing {@q1}
 l - 3 potions of flight
 t - 2 potions of berserk rage {!q}
 u - 2 potions of resistance
 w - 3 potions of might
 z - 2 potions of cancellation
 C - 2 potions of haste {@q3}
 J - 2 potions of heal wounds {@q2}
Miscellaneous
 S - a piece from Xom's chessboard (15/15)
   (You found it on level 9 of the Dungeon)

Dungeon Overview and Level Annotations

Branches:
Dungeon (11/15) Zot: 25545  Temple (1/1) D:5 Zot: 5740    Lair (5/5) D:10 Zot: 23904
 Shoals (0/4) Lair:2       Spider (0/4) Lair:2          Orc (0/2) D:11
Ossuary (visited)
  Slime: Lair:4-5

Altars:
Ashenzari
Cheibriados
Dithmenos
Elyvilon
Fedhas
Gozag
Hepliaklqana
Kikubaaqudgha
Nemelex Xobeh
Okawaru
Qazlal
Ru
Sif Muna
Trog
Uskayaw
Vehumet
Wu Jian
Xom
Yredelemnul
Zin
The Shining One

Shops:
D:8 (

Annotations:
D:3 2 transporters, 3 runed translucent doors, AppleFox63's ghost, amateur DrWr

..# ####.##### .## #..# ##
######## ##.# # #####.##.#.##
##.##### #######...........##
####..#..## .##.P#.............#
#........P# ...................#
#.........#
.#....##.......÷†.#####....)...P#
.....###........@÷##.#.........##
...### #.......§Fl.#............#
....# ##...........F.#.........##
#..## #...........P..##..#..#..##
#..# ##..#.#....##.###....#.####
#.## ###.##....####.#..##### ##
..## ##.P...#####..'P.######.
...### #......###..........##.#
.....#####.......###........####.


You could see a komodo dragon, a cane toad and a blink frog.


Message History

You can't see any susceptible monsters within range! (Use Z to cast anyway.)
Casting: Stone Arrow (safe; 1% risk of failure)
Confirm with . or Enter, or press ? or * to list all spells.
You can't see any susceptible monsters within range! (Use Z to cast anyway.) Done exploring. 😎 HP[+10] MP[+6]
Your hp is fully restored (82).
Your mp is fully restored (37).
You start waiting.
Done waiting.
You climb downwards.
The bullfrog gives a loud, deep croak!
The blink frog hits you but does no damage.
The cane toad stings you but does no damage.
You block the blink frog's attack. You block the komodo dragon's attack.
The blink frog completely misses you. The cane toad stings you.
The blink frog hits you! You block the komodo dragon's attack.
There is a stone staircase leading up here. 😕 HP[-14]
You take 14 damage, and now have 68/82 hp.
The blink frog gives a loud, deep croak!
The blink frog hits you but does no damage.
The blink frog blinks!
The cane toad stings you.
The komodo dragon bites you but does no damage.
The cane toad barely misses you. The komodo dragon bites you!
The blink frog hits you.
You climb upwards.
There is a stone staircase leading down here.
You can't go up here! 😮 HP[-24]
You take 24 damage, and now have 44/82 hp.
MASSIVE DAMAGE!! (PAUSE)
Casting: Stone Arrow (safe; 1% risk of failure)
Confirm with . or Enter, or press ? or * to list all spells.
Aiming: Stone Arrow (safe; 1% risk of failure)
Press: ? - help, Shift-Dir - straight line, f - komodo dragon
Aim: a komodo dragon (haloed, 88% to hit)
The stone arrow hits the komodo dragon!
The cane toad closely misses you.
The blink frog hits you but does no damage.
The cane toad stings you!
* * * LOW HITPOINT WARNING * * *
The komodo dragon bites you but does no damage.
The komodo dragon bites you!
* * * LOW HITPOINT WARNING * * *
Casting: Stone Arrow (safe; 1% risk of failure)
Confirm with . or Enter, or press ? or * to list all spells.
Aiming: Stone Arrow (safe; 1% risk of failure)
Press: ? - help, Shift-Dir - straight line, f/p - komodo dragon
Aim: a komodo dragon (moderately wounded, haloed, 88% to hit)
The stone arrow hits the komodo dragon!!
The cane toad closely misses you.
The blink frog hits you but does no damage.
The cane toad stings you but does no damage.
You block the komodo dragon's attack. The komodo dragon bites you.
* * * LOW HITPOINT WARNING * * *
The cane toad stings you but does no damage.
The blink frog barely misses you. 😨 HP[-23] MP[-6]
You take 23 damage, and now have 21/82 hp.
MASSIVE DAMAGE!! (PAUSE)
You lost 6 mp, and now have 31/37 mp.
Casting: Stone Arrow (safe; 1% risk of failure)
Confirm with . or Enter, or press ? or * to list all spells.
Aiming: Stone Arrow (safe; 1% risk of failure)
Press: ? - help, Shift-Dir - straight line, f/p - komodo dragon
Aim: a komodo dragon (severely wounded, haloed, 88% to hit)
The stone arrow hits the komodo dragon!!
You kill the komodo dragon!
You block the cane toad's attack.
The blink frog hits you but does no damage.
The cane toad stings you but does no damage.
The komodo dragon bites you but does no damage.
Your Armour skill increases to level 2!
Your Shields skill increases to level 2! 😨 HP[+1] MP[-3]
You lost 3 mp, and now have 28/37 mp.
Casting: Stone Arrow (safe; 1% risk of failure)
Confirm with . or Enter, or press ? or * to list all spells.
Aiming: Stone Arrow (safe; 1% risk of failure)
Press: ? - help, Shift-Dir - straight line, f - cane toad
Aim: a cane toad (haloed, 86% to hit)
The stone arrow hits the cane toad!!!
You kill the cane toad!
The cane toad stings you but does no damage.
The blink frog blinks!
The komodo dragon barely misses you. The cane toad stings you.
* * * LOW HITPOINT WARNING * * *
😱 HP[-3] MP[-2]
You now have 83 max hp (+1).
You take 3 damage, and now have 19/83 hp.
You lost 2 mp, and now have 26/37 mp.
Casting: Stone Arrow (safe; 1% risk of failure)
Confirm with . or Enter, or press ? or * to list all spells.
Aiming: Stone Arrow (safe; 1% risk of failure)
Press: ? - help, Shift-Dir - straight line, f - komodo dragon
Aim: a komodo dragon (haloed, 88% to hit)
The stone arrow misses the komodo dragon.
The komodo dragon bites you!
* * * LOW HITPOINT WARNING * * *
The cane toad stings you.
You die...

Skill      XL: |  1  2  3  4  5  6  7  8  9 10 11 12 13 |
---------------+----------------------------------------+-----
Earth Magic    | 4 5 6 7 9 11 12 14 16 17 | 17.6
Conjurations   | 1 2 3 4 5 7 |  7.5
Spellcasting   | 3 4 5 6 7 8 9 10 | 10.0
Fighting       | 3 5 7 9 10 | 10.3
Invocations    | 3 5 7 9 10 | 10.0
Shields        | 2 |  2.1
Armour         | 2 |  2.1
Dodging        | 2 |  2.3
Stealth        | |  2.1
Transmutations | |  0.7

Action                     |  1- 3 |  4- 6 |  7- 9 | 10-12 | 13-15 || total
---------------------------+-------+-------+-------+-------+-------++-------
  Melee: Unarmed           |     7 |    11 |     5 |    16 |    15 ||    54
   Cast: Sandblast         |    43 |    75 |   118 |   327 |    62 ||   625
         Stone Arrow       |       |     7 |    34 |   104 |    89 ||   234
         Lee's Rapid Decon |       |       |     2 |     3 |     6 ||    11
 Invoke: Divine Shield     |       |       |       |     1 |       ||     1
    Use: Scroll            |       |     7 |     2 |    16 |       ||    25
         Potion            |       |     3 |       |     1 |       ||     4
 Armour: Robe              |     6 |     6 |    49 |    38 |       ||    99
         Skin              |       |     7 |       |       |       ||     7
         Leather armour    |       |       |       |   159 |       ||   159
         Scale mail        |       |       |       |   159 |   146 ||   305
  Dodge: Dodged            |    13 |    17 |    66 |   301 |    69 ||   466
  Block: Other             |       |       |       |     4 |       ||     4
         Buckler           |       |       |       |    45 |    46 ||    91

Levels and vault maps discovered:
D:1:      lemuel_arrival_tunnels, layout_basic,
          hellmonk_ecumenical_altar_slurped_away
D:2:      layout_loops_ring
D:3:      gammafunk_steamed_eel, layout_loops_ring, ebering_ghost_gozag,
          amcnicky_mini_pool_small, kennysheep_cluttered_room
D:4:      layout_basic, kennysheep_mini_moat, nicolae_ossuary_entry_catacombs
D:5:      layout_loops_ring, nemelex_dance_club_becter,
          minmay_temple_entry_trees
D:6:      layout_loops_ring
D:7:      layout_loops_corners, sigmund_edmund_badplayer
D:8:      kennysheep_spiral_hall, layout_gridville, amcnicky_altar_gilded,
          serial_shops, nicolae_shop_hallway_stairs,
          chequers_serial_rivers_micro_a
D:9:      layout_loops_ring
D:10:     layout_loops_ring, mainiacjoe_overflow_small_starburst,
          erik_lair_orcish_takeover, st_stairs_5, grunt_decor_fettered
D:11:     layout_basic, zombieorc2_lemuel, nicolae_trove_entry_crystal
Temple:   mainiacjoe_temple_bowtie_tessellation
Lair:1:   layout_regular_city, grunt_megastairs_3
Lair:2:   layout_regular_city, shoals_dummy_entry,
          nicolae_spider_entry_non_spiders, basic_altar, wad_woods_03
Lair:3:   layout_loops_ring, uniq_gastronok
Lair:4:   layout_roguey, hangedman_lair_unloving_vines,
          small_statue_intersection, uniq_sonja
Lair:5:   minmay_lair_end_frog_pond, layout_cave_shapes, minmay_slime_entry_eyes

Notes
Turn   | Place    | Note
-------+----------+-------------------------------------------
     0 | D:1      | kae the Gargoyle Earth Elementalist began the quest for the
                  | Orb.
     0 | D:1      | Reached XP level 1. HP: 10/10 MP: 3/3
     0 | D:1      | magus.rc [v1.11.3]
   417 | D:1      | Found a faded altar of an unknown god.
   422 | D:1      | Reached skill level 4 in Earth Magic
   506 | D:1      | Reached XP level 2. HP: 15/15 MP: 3/5
   562 | D:1      | Learned a level 2 spell: Passwall
  1211 | D:2      | Reached XP level 3. HP: 19/19 MP: 4/6
  1215 | D:2      | Learned a level 3 spell: Stone Arrow
  1306 | D:2      | HP: 4/19 [iguana (3)]
  1308 | D:2      | Reached skill level 1 in Conjurations
  1627 | D:2      | Reached XP level 4. HP: 24/24 MP: 5/7
  1648 | D:2      | Reached skill level 5 in Earth Magic
  2215 | D:3      | Found a transporter.
  2229 | D:3      | Reached skill level 2 in Conjurations
  2250 | D:3      | Found a transporter.
  2481 | D:3      | Reached XP level 5. HP: 28/28 MP: 7/9
  2500 | D:3      | Found a runed translucent gate.
  2501 | D:3      | Found a runed translucent gate.
  2501 | D:3      | Found a runed translucent gate.
  2502 | D:3      | Found an opulent altar of Gozag.
  2504 | D:3      | Noticed AppleFox63's ghost (amateur DrWr)
  2917 | D:4      | Identified a scroll of acquirement
  3013 | D:4      | Found a sand-covered staircase.
  3018 | Ossuary  | Entered an ossuary
  3099 | Ossuary  | Reached skill level 3 in Spellcasting
  3199 | Ossuary  | Noticed a flying skull
  3199 | Ossuary  | Noticed a wraith
  3211 | Ossuary  | Noticed a wraith
  3222 | Ossuary  | Killed a wraith
  3223 | Ossuary  | Reached skill level 3 in Conjurations
  3223 | Ossuary  | Reached skill level 6 in Earth Magic
  3223 | Ossuary  | Reached XP level 6. HP: 23/32 MP: 1/10
  3291 | Ossuary  | Noticed a flying skull
  3313 | Ossuary  | Noticed a flying skull
  3320 | Ossuary  | Noticed a wraith
  3352 | Ossuary  | Noticed a flying skull
  3412 | D:4      | Acquired a book of Blasting
  3413 | D:4      | You pick up a book of Blasting and begin reading...
  3413 | D:4      | You add the spells Kindle Blastsparks, Fulminant Prism,
                  | Iskenderun's Mystic Blast and Lee's Rapid Deconstruction to
                  | your library.
  3420 | D:4      | Learned a level 5 spell: Lee's Rapid Deconstruction
  3752 | D:4      | Reached skill level 4 in Conjurations
  3756 | D:4      | Reached XP level 7. HP: 36/36 MP: 6/12
  4042 | D:4      | You fall into a shaft and drop 1 floor!
  4042 | D:5      | Entered Level 5 of the Dungeon
  4046 | D:5      | Reached skill level 7 in Earth Magic
  4197 | D:5      | Found a staircase to the Ecumenical Temple.
  4207 | Temple   | Entered the Ecumenical Temple
  4457 | Temple   | Became a worshipper of the Shining One
  4571 | D:5      | Reached skill level 5 in Conjurations
  4679 | D:5      | Reached skill level 4 in Spellcasting
  4840 | D:5      | Reached XP level 8. HP: 41/41 MP: 8/14
  4984 | D:5      | Reached skill level 8 in Earth Magic
  5012 | D:5      | Found a sparkling altar of Nemelex Xobeh.
  5219 | D:5      | Reached skill level 6 in Conjurations
  5633 | D:6      | Reached skill level 9 in Earth Magic
  5667 | D:6      | Reached skill level 7 in Conjurations
  5778 | D:6      | HP: 5/41 [wight/+0 scimitar (7)]
  5780 | D:6      | Reached skill level 5 in Spellcasting
  5780 | D:6      | Reached XP level 9. HP: 6/45 MP: 9/16
  5945 | D:6      | Reached * piety under the Shining One
  6261 | D:6      | Reached skill level 1 in Fighting
  6261 | D:6      | Reached skill level 1 in Invocations
  6506 | D:7      | Reached skill level 10 in Earth Magic
  6710 | D:7      | You pick up a book of the Tundra and begin reading...
  6710 | D:7      | You add the spells Hailstorm, Ice Form and Simulacrum to
                  | your library.
  6780 | D:7      | Reached skill level 2 in Invocations
  6870 | D:7      | Learned a level 4 spell: Petrify
  7084 | D:7      | Noticed Sigmund
  7086 | D:7      | Killed Sigmund
  7087 | D:7      | Reached skill level 2 in Fighting
  7130 | D:7      | Noticed Edmund
  7135 | D:7      | Killed Edmund
  7322 | D:7      | You add the spells Tukima's Dance, Passage of Golubria and
                  | Yara's Violent Unravelling to your library.
  7645 | D:8      | Reached skill level 3 in Fighting
  7645 | D:8      | Reached skill level 3 in Invocations
  7754 | D:8      | Reached skill level 11 in Earth Magic
  7929 | D:8      | Reached skill level 6 in Spellcasting
  7929 | D:8      | Reached XP level 10. HP: 56/56 MP: 15/19
  8161 | D:8      | Reached skill level 4 in Fighting
  8161 | D:8      | Reached skill level 4 in Invocations
  8436 | D:8      | You pick up a book of Misfortune and begin reading...
  8594 | D:8      | Found a shimmering blue altar of Sif Muna.
  8658 | D:8      | You pick up a book of the Sky and begin reading...
  8658 | D:8      | You add the spells Summon Lightning Spire, Storm Form and
                  | Maxwell's Capacitive Coupling to your library.
  8667 | D:8      | Found Gadeluot's Weapon Boutique.
  9063 | D:9      | Reached skill level 12 in Earth Magic
  9453 | D:9      | Identified the +1 robe of Lorroff {rC+ Str+2}
  9536 | D:9      | You pick up a book of Hexes and begin reading...
  9536 | D:9      | You add the spells Inner Flame, Cause Fear and Discord to
                  | your library.
  9740 | D:9      | Noticed a two-headed ogre
  9744 | D:9      | Killed a two-headed ogre
  9745 | D:9      | Reached skill level 5 in Fighting
  9745 | D:9      | Reached skill level 5 in Invocations
  9811 | D:9      | Identified the +3 leather armour of Beyond {rF+}
  9952 | D:10     | Entered Level 10 of the Dungeon
  9953 | D:10     | Noticed a two-headed ogre
  9957 | D:10     | Killed a two-headed ogre
  9958 | D:10     | Reached skill level 7 in Spellcasting
 10035 | D:10     | Reached ** piety under the Shining One
 10043 | D:10     | Reached XP level 11. HP: 60/64 MP: 11/21
 10052 | D:10     | Reached skill level 13 in Earth Magic
 10433 | D:10     | Identified the +1 rapier of Victory {flame, rCorr Dex+5}
 10443 | D:10     | Found the amulet of Elemental Vulnerability {rPois rF--
                  | rC-- AC+8}
 10479 | D:10     | Reached skill level 6 in Fighting
 10541 | D:10     | Found a staircase to the Lair.
 10800 | D:10     | Noticed a manticore
 10807 | D:10     | Killed a manticore
 10808 | D:10     | Reached skill level 6 in Invocations
 10863 | D:10     | Found a sacrificial altar of Ru.
 11106 | D:11     | Reached *** piety under the Shining One
 11301 | D:11     | Reached **** piety under the Shining One
 11318 | D:11     | Found a staircase to the Orcish Mines.
 11420 | D:11     | Noticed a boulder beetle
 11425 | D:11     | Reached ***** piety under the Shining One
 11439 | D:11     | Killed a boulder beetle
 11565 | D:11     | You add the spells Summon Forest, Summon Cactus Giant and
                  | Monstrous Menagerie to your library.
 11565 | D:11     | Got Gosaher's Secrets of Accomplices
 11635 | D:11     | Reached skill level 14 in Earth Magic
 11750 | D:11     | Noticed a deep elf pyromancer
 11753 | D:11     | Killed a deep elf pyromancer
 11807 | D:11     | Noticed a two-headed ogre
 11812 | D:11     | Killed a two-headed ogre
 11813 | D:11     | Reached skill level 7 in Fighting
 11813 | D:11     | Reached skill level 7 in Invocations
 11911 | D:11     | Reached skill level 8 in Spellcasting
 12395 | D:11     | Found a portal to a secret trove of treasure.
 12457 | D:11     | This trove needs 7 scrolls of fear to function. Give it the
                  | items?
 12457 | D:11     | This trove needs 7 scrolls of fear to function. Give it the
                  | items?
 12457 | D:11     | This trove needs 7 scrolls of fear to function. Give it the
                  | items?
 12457 | D:11     | You paid a toll of 7 scrolls of fear to enter a treasure
                  | trove
 12458 | Trove    | Entered a treasure trove
 12465 | Trove    | Identified the +0 plate armour of the Evening {Str+3}
 12468 | Trove    | Identified the +1 cloak of Kleptomania {Regen+ Str-2 Int+2}
 12469 | Trove    | Identified the +1 plate armour of Voracious Music {Dex+3}
 12470 | Trove    | Identified the +2 scale mail of the Squeaky God {rN+ Str+5}
 12472 | Trove    | Identified the +1 chain mail of Uskayaw's Esteem {rC+
                  | Dex+3}
 12475 | Trove    | Identified the +0 buckler "Nawen" {+Blink Regen+}
 12476 | Trove    | Identified the +2 cloak "Biegi" {rN+}
 12479 | Trove    | Identified the +2 cloak of Leapfrog {rN+}
 12640 | Lair:1   | Entered Level 1 of the Lair of Beasts
 12882 | Lair:1   | Reached XP level 12. HP: 63/72 MP: 19/24
 13588 | Lair:2   | Reached skill level 15 in Earth Magic
 13725 | Lair:2   | Found a staircase to the Shoals.
 13888 | Lair:2   | Found a hole to the Spider Nest.
 14086 | Lair:2   | Noticed a boulder beetle
 14093 | Lair:2   | Killed a boulder beetle
 14094 | Lair:2   | Reached skill level 8 in Fighting
 14094 | Lair:2   | Reached skill level 8 in Invocations
 14419 | Lair:2   | You pick up a book of Spectacle and begin reading...
 14419 | Lair:2   | You add the spells Dazzling Flash and Starburst to your
                  | library.
 14614 | Lair:2   | Found a radiant altar of Vehumet.
 14621 | Lair:2   | You pick up a book of the Warp and begin reading...
 14621 | Lair:2   | You add the spells Manifold Assault, Dispersal and
                  | Disjunction to your library.
 15242 | Lair:3   | Reached skill level 9 in Spellcasting
 15242 | Lair:3   | Reached skill level 16 in Earth Magic
 15706 | Lair:3   | Noticed a death yak
 15711 | Lair:3   | HP: 1/75 [spore (37)]
 15713 | Lair:3   | Reached skill level 9 in Fighting
 15713 | Lair:3   | Reached skill level 9 in Invocations
 15713 | Lair:3   | Reached XP level 13. HP: 2/80 MP: 20/26
 15804 | Lair:3   | Gastronok the Ponderous comes into view. He is wearing the
                  | +3 hat of Pondering {ponderous, Will+ MP+10 Int+5}.
 15804 | Lair:3   | Noticed Gastronok
 16237 | Lair:2   | Reached skill level 17 in Earth Magic
 16323 | Lair:3   | Aim: Gastronok, wearing the +3 hat of Pondering {ponderous,
                  | Will+ MP+10 Int+5} (haloed, 100% to hit)
 16323 | Lair:3   | Aim: Gastronok, wearing the +3 hat of Pondering {ponderous,
                  | Will+ MP+10 Int+5} (haloed, 100% to hit)
 16324 | Lair:3   | Aim: Gastronok, wearing the +3 hat of Pondering {ponderous,
                  | Will+ MP+10 Int+5} (lightly wounded, haloed, 100% to hit)
 16324 | Lair:3   | Aim: Gastronok, wearing the +3 hat of Pondering {ponderous,
                  | Will+ MP+10 Int+5} (lightly wounded, haloed, 100% to hit)
 16325 | Lair:3   | Aim: Gastronok, wearing the +3 hat of Pondering {ponderous,
                  | Will+ MP+10 Int+5} (moderately wounded, haloed, 100% to
                  | hit)
 16325 | Lair:3   | Aim: Gastronok, wearing the +3 hat of Pondering {ponderous,
                  | Will+ MP+10 Int+5} (moderately wounded, haloed, 100% to
                  | hit)
 16326 | Lair:3   | Aim: Gastronok, wearing the +3 hat of Pondering {ponderous,
                  | Will+ MP+10 Int+5} (moderately wounded, haloed, 100% to
                  | hit)
 16326 | Lair:3   | Aim: Gastronok, wearing the +3 hat of Pondering {ponderous,
                  | Will+ MP+10 Int+5} (moderately wounded, haloed, 100% to
                  | hit)
 16327 | Lair:3   | Aim: Gastronok, wearing the +3 hat of Pondering {ponderous,
                  | Will+ MP+10 Int+5} (heavily wounded, haloed, 100% to hit)
 16327 | Lair:3   | Aim: Gastronok, wearing the +3 hat of Pondering {ponderous,
                  | Will+ MP+10 Int+5} (heavily wounded, haloed, 100% to hit)
 16328 | Lair:3   | Aim: Gastronok, wearing the +3 hat of Pondering {ponderous,
                  | Will+ MP+10 Int+5} (severely wounded, haloed, 100% to hit)
 16328 | Lair:3   | Aim: Gastronok, wearing the +3 hat of Pondering {ponderous,
                  | Will+ MP+10 Int+5} (severely wounded, haloed, 100% to hit)
 16329 | Lair:3   | Aim: Gastronok, wearing the +3 hat of Pondering {ponderous,
                  | Will+ MP+10 Int+5} (almost dead, haloed, 100% to hit)
 16329 | Lair:3   | Aim: Gastronok, wearing the +3 hat of Pondering {ponderous,
                  | Will+ MP+10 Int+5} (almost dead, haloed, 100% to hit)
 16330 | Lair:3   | Aim: Gastronok, wearing the +3 hat of Pondering {ponderous,
                  | Will+ MP+10 Int+5} (almost dead, haloed, 100% to hit)
 16330 | Lair:3   | Aim: Gastronok, wearing the +3 hat of Pondering {ponderous,
                  | Will+ MP+10 Int+5} (almost dead, haloed, 100% to hit)
 16330 | Lair:3   | Killed Gastronok
 17023 | Lair:4   | Noticed Sonja
 17031 | Lair:4   | Killed Sonja
 17458 | Lair:4   | Reached skill level 10 in Fighting
 17458 | Lair:4   | Reached skill level 10 in Invocations
 18043 | Lair:5   | Entered Level 5 of the Lair of Beasts
 18050 | Lair:5   | Reached skill level 10 in Spellcasting
 18053 | Lair:5   | Reached skill level 1 in Shields
 18059 | Lair:4   | Reached skill level 1 in Armour
 18195 | Lair:4   | Reached skill level 2 in Dodging
 18521 | Lair:4   | Reached skill level 2 in Armour
 18521 | Lair:4   | Reached skill level 2 in Shields
 18521 | Lair:4   | HP: 19/82 [cane toad (4)]
 18522 | Lair:4   | HP: 3/83 [komodo dragon (17)]
 18522 | Lair:4   | Slain by a cane toad

Vanquished Creatures
  Gastronok (Lair:3)
  3 boulder beetles
  3 two-headed ogres
  3 death yaks
  Sonja (Lair:4)
  A deep elf pyromancer (D:11)
  A manticore (D:10)
  10 cane toads
  11 elephants
  4 komodo dragons
  5 rime drakes
  A troll (D:9)
  2 hornets
  19 blink frogs
  Sigmund (D:7)
  6 dream sheep
  A spriggan (Lair:2)
  6 wyverns
  29 yaks
  A shadow (D:10)
  A wraith (Ossuary)
  A vampire (D:10)
  A basilisk (Lair:4)
  5 vampire mosquitoes
  3 steam dragons
  3 wargs (D:10)
  Edmund (D:7)
  A two-headed ogre zombie (D:11)
  15 water moccasins
  A sky beast (D:7)
  An orc warrior (D:10)
  2 ice beasts
  2 black bears
  2 ogres
  4 centaurs (D:11)
  6 wolves (Lair:1)
  2 phantoms
  3 kobold brigands
  2 necrophages
  11 bullfrogs
  8 scorpions
  2 gnoll sergeants
  10 wights
  A troll zombie (D:11)
  18 killer bees
  A howler monkey (D:8)
  4 hounds
  3 jellies
  8 orc priests
  A gnoll bouda (D:4)
  7 iguanas
  10 orc wizards
  6 ogre zombies (D:11)
  13 gnolls
  4 adders
  2 white imps
  An adder zombie (Ossuary)
  4 worms
  3 dart slugs
  24 orcs
  8 endoplasms
  5 giant cockroaches
  5 goblins
  7 hobgoblins
  6 jackals
  2 quokkas
  3 ball pythons
  A ball python skeleton (Ossuary)
  2 bats
  2 frilled lizards
  2 goblin skeletons (D:11)
  3 goblin zombies (D:11)
  2 hobgoblin skeletons (Ossuary)
  3 hobgoblin zombies
  17 kobolds
  3 kobold zombies (Ossuary)
  8 orc skeletons
  18 orc zombies
  5 rats
408 creatures vanquished.

Vanquished Creatures (others)
  12 fungi
  27 plants
39 creatures vanquished.

Grand Total: 447 creatures vanquished

Table legend:
 A = Non-vault XP
 B = Vault XP
 C = Vault XP percentage of total XP
 D = Non-vault monster count
 E = Vault monster count
 F = Vault count percentage of total count
                 A         B        C        D         E       F
            +---------+---------+-------+---------+---------+-------
      Total |   44996 |    7465 |  14.2 |     317 |      91 |  22.3
            +---------+---------+-------+---------+---------+-------
        D:1 |      31 |       2 |   6.1 |      18 |       1 |   5.3
        D:2 |      53 |       0 |   0.0 |      11 |       0 |   0.0
        D:3 |     105 |       0 |   0.0 |      17 |       0 |   0.0
        D:4 |     330 |       6 |   1.8 |      19 |       6 |  24.0
        D:5 |     809 |     123 |  13.2 |      22 |       2 |   8.3
        D:6 |    1196 |       0 |   0.0 |      26 |       0 |   0.0
        D:7 |     789 |     403 |  33.8 |      12 |       2 |  14.3
        D:8 |    1643 |     758 |  31.6 |      33 |       4 |  10.8
        D:9 |    1716 |       0 |   0.0 |      12 |       0 |   0.0
       D:10 |    2584 |    1305 |  33.6 |      20 |      13 |  39.4
       D:11 |    4566 |     520 |  10.2 |      16 |      34 |  68.0
     Lair:1 |    3178 |      85 |   2.6 |      18 |       1 |   5.3
     Lair:2 |    8341 |     510 |   5.8 |      28 |      10 |  26.3
     Lair:3 |   10700 |    1559 |  12.7 |      34 |       1 |   2.9
     Lair:4 |    7286 |    1878 |  20.5 |      24 |       5 |  17.2
     Lair:5 |    1669 |      88 |   5.0 |       7 |       1 |  12.5
    Ossuary |       0 |     228 | 100.0 |       0 |      11 | 100.0
            +---------+---------+-------+---------+---------+-------

Illustrated notes

Table legend:
 A = Kills in this place as a percentage of kills in entire the game.
 B = Kills by you in this place as a percentage of kills by you in the entire game.
 C = Kills by friends in this place as a percentage of kills by friends in the entire game.
 D = Other kills in this place as a percentage of other kills in the entire game.
 E = Experience gained in this place as a percentage of experience gained in the entire game.
 F = Experience gained in this place divided by the number of levels of this place that you have seen.
                   A       B       C       D       E      F
               +-------+-------+-------+-------+-------+----------------------
         Total | 100.0 | 100.0 |   N/A |   N/A | 100.0 | 2761.1
       Dungeon |  65.7 |  65.7 |   N/A |   N/A |  32.3 | 1539.9
          Lair |  31.6 |  31.6 |   N/A |   N/A |  67.3 | 7058.8
       Ossuary |   2.7 |   2.7 |   N/A |   N/A |   0.4 | 228.0
               +-------+-------+-------+-------+-------+----------------------

Table legend: (Time is in decaauts)
 A = Elapsed time spent in this place.
 B = Non-inter-level travel time spent in this place.
 C = Inter-level travel time spent in this place.
 D = Time resting spent in this place.
 E = Time spent auto-exploring this place.
 F = Levels seen in this place.
 G = Mean time per level.
                   A        B        C        D        E       F      G
               +--------+--------+--------+--------+--------+-----+--------+
         Total |  18978 |  18557 |    421 |   1463 |  14592 |  19 |  998.8 |
       Dungeon |  12064 |  11773 |    291 |    527 |   9770 |  11 | 1096.7 |
        Temple |    259 |    230 |     29 |      0 |    218 |   1 |  259.0 |
          Lair |   6094 |   5995 |     99 |    905 |   4360 |   5 | 1218.8 |
         Trove |    139 |    139 |      0 |      0 |      7 |   1 |  139.0 |
       Ossuary |    419 |    419 |      0 |     31 |    237 |   1 |  419.0 |
               +--------+--------+--------+--------+--------+-----+--------+

Top non-repeatable levels by time:
  Lair:2: 2171 daAuts
  Lair:4: 1648 daAuts
     D:8: 1448 daAuts
    D:10: 1366 daAuts
    D:11: 1262 daAuts
     D:7: 1228 daAuts
     D:1: 1221 daAuts
  Lair:3: 1181 daAuts
     D:5: 1137 daAuts
  Lair:1: 1064 daAuts
     D:6: 1010 daAuts
     D:3: 981 daAuts
     D:9: 906 daAuts
     D:4: 752 daAuts
     D:2: 749 daAuts
